AoeStats
← çilek

Arabia

505477805Analyzed
1v1 RM · 23d ago on Sep 9, 2026· 50m 13s· 2 players
Game mode
Random Map
Map size
Tiny (2 player)
Population
200
Speed
Normal
Resources
Standard
Victory
Conquest
Starting age
Dark Age
Ending age
Imperial Age
RankedLock teamsTeams togetherTeam positionsShared explorationLock speedFull tech treeHidden civsTurbo modeCheats
Victory
Defeat
🇹🇷 Magyars · Türkiye
483
+12
🇦🇷 Byzantines · Argentina
405
-12
balduinoIV
12:09 Feudal Age
13:00 Double-Bit Axe
13:00 Horse Collar
15:14 Wheelbarrow
15:48 Gold Mining
17:42 Stone Mining
22:26 Castle Age
çilek
14:47 Feudal Age
17:05 Bloodlines
19:48 Scale Barding Armor
30:46 Castle Age
31:40 Light Cavalry
32:41 Husbandry
45:39 Imperial Age
45:42 Spies/Treason
Connection lost

Rejoining the realm…

Still unreachable

The connection could not be restored.

Session expired

The server has moved on; the page needs a fresh start.